 Dungeon Crawl Stone Soup version 0.28.0-1-gb440e238dd (webtiles) character file.

Game seed: 13333453010171374529

280 Ablot the Grasshopper (level 6, 0/50 HPs)
             Began as a Gnoll Warper on Feb 27, 2022.
             Slain by a gnoll (10 damage)
             ... on level 4 of the Dungeon.
             The game lasted 00:04:01 (5116 turns).

Ablot the Grasshopper (Gnoll Warper)                Turns: 5116, Time: 00:04:02

Health: 0/50       AC:  3    Str: 12    XL:     6   Next: 27%
Magic:  14/14      EV: 13    Int: 13    God:
Gold:   136        SH:  0    Dex: 11    Spells: 13/15 levels left

rFire   . . .      SeeInvis .   a - +0 spear
rCold   + . .      Faith    .   (no shield)
rNeg    . . .      Spirit   .   b - +0 leather armour
rPois   +          Reflect  .   (no helmet)
rElec   .          Harm     .   (no cloak)
rCorr   .          Rampage  .   (no gloves)
Will    .....                   (no boots)
Stlth   ++........              (no amulet)
HPRegen 0.16/turn               t - ring of poison resistance
MPRegen 0.14/turn               r - ring of protection from cold

@: no status effects
A: fangs 1, strong nose, distributed training
a: no special abilities


You were on level 4 of the Dungeon.
You visited 1 branch of the dungeon, and saw 4 of its levels.

You collected 136 gold pieces.

Inventory:

Hand Weapons
 a - a +0 spear (weapon)
Missiles
 d - 5 boomerangs of dispersal
 h - 53 stones
 i - 28 bolts
 k - 59 arrows
 o - 9 poisoned darts (quivered)
 v - 3 boomerangs
Armour
 b - a +0 leather armour (worn)
Magical Staves
 q - a staff of earth
Jewellery
 m - a ring of resist corrosion
 r - a ring of protection from cold (right hand)
 t - a ring of poison resistance (left hand)
Scrolls
 c - 2 scrolls of blinking
 e - 2 scrolls of vulnerability {unknown}
 j - a scroll of teleportation {unknown}
 p - a scroll of fog {unknown}
Potions
 f - a potion of heal wounds {unknown}
 g - 2 potions of might {unknown}
 l - a potion of magic {unknown}
 n - a potion of ambrosia {unknown}
 s - 3 potions of curing {unknown}
 u - a potion of attraction {unknown}
 w - a potion of invisibility {unknown}


   Skills:
 + Level 4.9 Fighting
 + Level 1.9 Short Blades
 + Level 1.9 Long Blades
 + Level 1.9 Axes
 + Level 1.9 Maces & Flails
 + Level 4.9 Polearms
 + Level 1.9 Staves
 + Level 1.9 Slings
 + Level 1.9 Bows
 + Level 1.9 Crossbows
 + Level 3.2 Throwing
 + Level 3.2 Armour
 + Level 4.9 Dodging
 + Level 1.9 Stealth
 + Level 1.9 Shields
 + Level 1.9 Unarmed Combat
 + Level 5.3 Spellcasting
 + Level 1.5 Conjurations
 + Level 1.5 Hexes
 + Level 1.5 Summonings
 + Level 1.5 Necromancy
 + Level 5.6 Translocations
 + Level 1.5 Transmutations
 + Level 1.5 Fire Magic
 + Level 1.5 Ice Magic
 + Level 1.5 Air Magic
 + Level 1.5 Earth Magic
 + Level 1.5 Poison Magic
 + Level 2.1 Invocations
 + Level 1.9 Evocations


You had 13 spell levels left.
You knew the following spells:

 Your Spells              Type           Power      Damage    Failure   Level
a - Blink                 Tloc           36%        N/A       3%          2

Your spell library contained the following spells:

 Spells                   Type           Power      Damage    Failure   Level
 Gell's Gravitas          Tloc           18%        N/A       7%          3
 Lesser Beckoning         Tloc           18%        N/A       7%          3
 Teleport Other           Tloc           18%        N/A       7%          3
 Manifold Assault         Tloc           18%        N/A       52%         5


Dungeon Overview and Level Annotations

Branches:
Dungeon (4/15)
 Temple: D:4-7

Altars:
Gozag


Innate Abilities, Weirdness & Mutations

You have very sharp teeth.
Your uncanny sense of smell can sniff out nearby items.
Your experience applies equally to all skills.


Message History

You are too injured to fight recklessly!
You are too injured to fight recklessly!
You are too injured to fight recklessly!
Casting: Blink (safe; 3% risk of failure)
Confirm with . or Enter, or press ? or * to list all spells.
You blink.
You feel very sick.
You hit the scorpion but do no damage.
The scorpion is almost dead.
You feel very sick. The scorpion closely misses you.
You hit the scorpion.
You bite the scorpion, but do no damage.
The scorpion is almost dead.
You feel sick. The scorpion closely misses you.
You hit the scorpion.
You kill the scorpion!
You feel sick.
Your Invocations skill increases to level 2!
You have reached level 6!
You feel stable enough to blink again.
You feel sick.
You feel sick.
You feel sick.
You feel sick.
You feel sick.
Found a stone staircase leading down.
You feel sick.
You are no longer poisoned.
You start resting.
Magic restored.
You start resting.
A gnoll is nearby!
The gnoll closely misses you.
The gnoll hits you from afar with a +0 halberd!
* * * LOW HITPOINT WARNING * * *
You see here a +0 club.
The gnoll barely misses you.
There is a stone staircase leading up here.
The gnoll hits you from afar with a +0 halberd!
You die...

#..#>g# ∆∆ #.###.#
#.##.##
#..#..........# #.#.#
###.##..# #.#.#
#.##..# #.#.# #.##..#
#.#.# #.##..#
#.#.#####.#...#
#...)......g.@#######.
#########.............
##............
##.########## ###


You could see a gnoll.

Vanquished Creatures
  A scorpion (D:4)
  A centaur zombie (D:3)
  A centaur skeleton (D:4)
  5 gnolls
  3 adders (D:2)
  3 worms
  A dart slug (D:2)
  5 orcs (D:3)
  7 endoplasms
  4 giant cockroaches
  9 goblins
  8 hobgoblins
  2 kobolds
  3 quokkas
  7 ball pythons
  5 bats
  2 frilled lizards
  3 rats
70 creatures vanquished.

Notes
Turn   | Place    | Note
-------+----------+-------------------------------------------
     0 | D:1      | Ablot the Gnoll Warper began the quest for the Orb.
     0 | D:1      | Reached XP level 1. HP: 20/20 MP: 6/6
   207 | D:1      | Reached XP level 2. HP: 17/26 MP: 7/7
   224 | D:1      | Learned a level 2 spell: Blink
   851 | D:1      | Reached XP level 3. HP: 31/31 MP: 9/9
  1086 | D:1      | Reached skill level 5 in Spellcasting
  1368 | D:2      | Reached skill level 1 in Invocations
  1757 | D:2      | Reached skill level 1 in Short Blades
  1757 | D:2      | Reached skill level 1 in Long Blades
  1757 | D:2      | Reached skill level 1 in Axes
  1757 | D:2      | Reached skill level 1 in Maces & Flails
  1757 | D:2      | Reached skill level 1 in Staves
  1757 | D:2      | Reached skill level 1 in Slings
  1757 | D:2      | Reached skill level 1 in Bows
  1757 | D:2      | Reached skill level 1 in Crossbows
  1757 | D:2      | Reached skill level 1 in Stealth
  1757 | D:2      | Reached skill level 1 in Shields
  1757 | D:2      | Reached skill level 1 in Unarmed Combat
  1757 | D:2      | Reached skill level 1 in Evocations
  1851 | D:2      | Reached XP level 4. HP: 31/38 MP: 11/11
  1937 | D:2      | Found a faded altar of an unknown god.
  2430 | D:2      | Found an opulent altar of Gozag.
  2683 | D:3      | Reached skill level 1 in Conjurations
  2683 | D:3      | Reached skill level 1 in Hexes
  2683 | D:3      | Reached skill level 1 in Summonings
  2683 | D:3      | Reached skill level 1 in Necromancy
  2683 | D:3      | Reached skill level 1 in Transmutations
  2683 | D:3      | Reached skill level 1 in Fire Magic
  2683 | D:3      | Reached skill level 1 in Ice Magic
  2683 | D:3      | Reached skill level 1 in Air Magic
  2683 | D:3      | Reached skill level 1 in Earth Magic
  2683 | D:3      | Reached skill level 1 in Poison Magic
  3039 | D:2      | Reached XP level 5. HP: 16/43 MP: 10/12
  5050 | D:4      | Reached XP level 6. HP: 15/50 MP: 11/14
  5116 | D:4      | Slain by a gnoll

Illustrated notes

Levels and vault maps discovered:
D:1:      minmay_arrival_four_houses, layout_basic
D:2:      layout_loops_ring, basic_altar, ebering_ecumenical_altar_hall,
          minmay_hexomino_c4
D:3:      layout_basic, minmay_crystal_water
D:4:      layout_loops_ring

Skill      XL: |  1  2  3  4  5 |
---------------+----------------+-----
Spellcasting   | 5 |  5.3
Invocations    | 1 2 |  2.1
Short Blades   | 1 |  1.9
Long Blades    | 1 |  1.9
Axes           | 1 |  1.9
Maces & Flails | 1 |  1.9
Staves         | 1 |  1.9
Slings         | 1 |  1.9
Bows           | 1 |  1.9
Crossbows      | 1 |  1.9
Stealth        | 1 |  1.9
Shields        | 1 |  1.9
Unarmed Combat | 1 |  1.9
Evocations     | 1 |  1.9
Conjurations   | 1 |  1.5
Hexes          | 1 |  1.5
Summonings     | 1 |  1.5
Necromancy     | 1 |  1.5
Transmutations | 1 |  1.5
Fire Magic     | 1 |  1.5
Ice Magic      | 1 |  1.5
Air Magic      | 1 |  1.5
Earth Magic    | 1 |  1.5
Poison Magic   | 1 |  1.5
Throwing       | 3 |  3.2
Armour         | 3 |  3.2
Fighting       | |  4.9
Polearms       | |  4.9
Dodging        | |  4.9
Translocations | |  5.6

Action                   |  1- 3 |  4- 6 || total
-------------------------+-------+-------++-------
Melee: Spear             |   127 |   205 ||   332
       Bite              |     6 |    27 ||    33
       Punch             |       |     2 ||     2
Throw: Dart              |       |     4 ||     4
 Cast: Blink             |       |     3 ||     3
 Stab: Sleeping          |     1 |     4 ||     5
       Distracted        |     1 |       ||     1
Armor: Leather armour    |    18 |    21 ||    39
Dodge: Dodged            |    55 |    94 ||   149
